 Dungeon Crawl Stone Soup version 0.18-a0-1797-gc18daef (webtiles) character file.

24 macross the Sneak (level 2, 0/14 HPs)
             Began as a Spriggan Assassin on Apr 22, 2016.
             Slain by a scorpion (7 damage)
             ... on level 4 of the Dungeon.
             The game lasted 00:02:29 (368 turns).

macross the Sneak (Spriggan Assassin)                Turns: 368, Time: 00:02:29

Health: 0/14       AC:  3    Str:  7    XL:     2   Next: 79%
Magic:  3/3        EV: 17    Int: 12    God:
Gold:   83         SH:  0    Dex: 17    Spells: 0 memorised, 1 level left

rFire  + . .     SeeInvis +     a - +2 dagger
rCold  + . .     Gourm    .     c - +0 robe
rNeg   . . .     Faith    .     (shield restricted)
rPois  +         Spirit   .     (helmet restricted)
rElec  +         Dismiss  .     d - +0 cloak
rCorr  +         Reflect  .     (gloves unavailable)
SustAt .         Harm     .     (boots unavailable)
MR     .....                    (no amulet)
Stlth  ++++......               (no ring)
                                (no ring)

@: lethally poisoned (0 -> -8), resistant, very quick, not resistant to hostile
enchantments, stealthy
A: unfitting armour, see invisible, herbivore 3, speed 3, slow metabolism 2
a: no special abilities


You were on level 4 of the Dungeon.
You were not hungry.

You visited 1 branch of the dungeon, and saw 4 of its levels.

You collected 83 gold pieces.

Inventory:

Hand Weapons
 a - a +2 dagger (weapon)
 b - a +0 blowgun
Missiles
 e - 8 poisoned needles
 f - 2 curare-tipped needles
Armour
 c - a +0 robe (worn)
 d - a +0 cloak (worn)
Potions
 l - a potion of might {unknown}
 n - a potion of haste {unknown}
Comestibles
 g - 2 bread rations
 k - 2 fruits


   Skills:
 + Level 1.5 Fighting
 * Level 2.4 Short Blades
 - Level 2.0 Throwing
 * Level 2.0 Dodging
 * Level 7.0 Stealth


You had one spell level left.
You didn't know any spells.

Dungeon Overview and Level Annotations

Branches:
Dungeon (4/15)
 Temple: D:4-7

Altars:

Annotations:
D:4 nono's ghost, amateur HaFi


Innate Abilities, Weirdness & Mutations

You are tiny and cannot use many weapons and most armour.
You have supernaturally acute eyesight.
You are a herbivore.
You cover ground extremely quickly.
You need consume almost no food.


Message History

* * * LOW HITPOINT WARNING * * *
You feel sick. The scorpion stings you.
* * * LOW HITPOINT WARNING * * *
It was a potion of heal wounds.
You feel much better. The scorpion barely misses you.
It was a potion of resistance.
You feel protected.
You feel sick.
Nono's ghost whispers, "Meet the emptiness of death!"
The scorpion misses you.
You completely miss the scorpion.
The scorpion is moderately wounded.
The scorpion stings you.
You hit the scorpion.
The scorpion is heavily wounded.
You hit the scorpion but do no damage.
The scorpion is heavily wounded.
You feel sick. The scorpion stings you!
Ouch! That really hurt!
You die...

### ###.#### .....#.
###......## #......
###@sW###...##
#.....###...### #....##
......##.### #s....#
#....s### #.....##
####.....## #.....[# .
##..##..†..## ##W..#..###..
............### #....##......
..............###............
...........##..........>.##


You could see a scorpion and nono's ghost.

Vanquished Creatures
  An adder (D:4)
  A dart slug (D:3)
  A giant gecko (D:3)
  An orc (D:4)
  A bat (D:1)
  A giant cockroach (D:3)
  A goblin (D:1)
  A quokka (D:3)
  2 kobolds (D:3)
  A rat (D:3)
11 creatures vanquished.

Notes
Turn   | Place    | Note
--------------------------------------------------------------
     0 | D:1      | macross the Spriggan Assassin began the quest for the Orb.
     0 | D:1      | Reached XP level 1. HP: 10/10 MP: 2/2
    86 | D:1      | Reached skill level 6 in Stealth
   110 | D:2      | You fall through a shaft!
   192 | D:3      | Reached XP level 2. HP: 10/14 MP: 3/3
   308 | D:4      | Noticed a scorpion
   310 | D:4      | Reached skill level 7 in Stealth
   329 | D:4      | Noticed nono's ghost (amateur HaFi)
   368 | D:4      | Slain by a scorpion

Vault maps used:
D:1:      tarquinn_simple_flora_water_f
D:2:      lemuel_doored_altar, nicolae_overflow_hidden_temple, first_bread
D:3:      uniq_iyjb
D:4:      minmay_crossroads, uniq_duvessa, uniq_robin, uniq_sigmund

Skill      XL: |  1  2 |
---------------+-------+-----
Stealth        | 6 7 |  7.0
Dodging        | 2 |  2.0
Fighting       | |  1.5
Short Blades   | |  2.4
Throwing       | |  2.0

Action                   || total
-------------------------++-------
Melee: Dagger            ||    30
  Use: Scroll            ||     2
       Potion            ||     2
 Stab: Sleeping          ||     6
Armor: Robe              ||     1
Dodge: Dodged            ||    16
